 Dungeon Crawl Stone Soup version 0.29-a0-334-gb41bcbb86e (webtiles) character file.

Game seed: 420272919093966862

1306 spaghetti the Nimble (level 8, -1/46 HPs)
             Began as an Octopode Air Elementalist on Apr 13, 2022.
             Was a Believer of Ignis.
             Killed by their own static electricity (3 damage)
             ... on level 6 of the Dungeon.
             The game lasted 00:07:32 (6073 turns).

spaghetti the Nimble (Octopode Air Elementalist)    Turns: 6073, Time: 00:07:32

Health: -1/46      AC:  1    Str:  7    XL:     8   Next: 57%
Magic:  0/15       EV: 16    Int: 20    God:    Ignis [**....]
Gold:   261        SH:  0    Dex: 12    Spells: 14/17 levels left

rFire   + . .      SeeInvis .   t - +1 dagger (venom) {short}
rCold   . . .      Faith    .   (no shield)
rNeg    . . .      Spirit   .   (helmet restricted)
rPois   .          Reflect  .   (no amulet)
rElec   .          Harm     .   u - ring of willpower
rCorr   .          Rampage  .   (no ring)
Will    +....                   (no ring)
Stlth   +++.......              (no ring)
HPRegen 0.15/turn               (no ring)
MPRegen 0.14/turn               (no ring)
                                (no ring)
                                (no ring)

@: no status effects
A: almost no armour, amphibious, 8 rings, camouflage 1, gelatinous body 1,
(nimble swimmer 1), tentacles
a: Renounce Religion, Fiery Armour, Foxfire Swarm, Rising Flame


You were on level 6 of the Dungeon.
You worshipped Ignis.
Ignis was pleased with you.
You visited 1 branch of the dungeon, and saw 6 of its levels.

You collected 261 gold pieces.


Innate Abilities, Weirdness & Mutations

You cannot wear most types of armour.
You are amphibious.
You can wear up to eight rings at the same time.
Your skin changes colour to match your surroundings (Stealth+).
Your rubbery body absorbs attacks. (AC +1, EV +1)
((You are camouflaged when in or above water. (Stealth+)))
You have tentacles for arms and can constrict up to eight enemies at once.


   Skills:
 + Level 9.0 Dodging
 - Level 2.6 Stealth
 - Level 5.0 Spellcasting
 - Level 1.0 Conjurations
 - Level 3.0 Air Magic


You had 14 spell levels left.
You knew the following spells:

 Your Spells              Type           Power      Damage    Failure   Level
a - Shock                 Conj/Air       52%        1d6       4%          1
b - Static Discharge      Conj/Air       13%        N/A       8%          2

Your spell library contained the following spells:

 Spells                   Type           Power      Damage    Failure   Level
 Swiftness                Air            17%        N/A       10%         3
 Slow                     Hex            20%        N/A       12%         1
 Summon Small Mammal      Summ           20%        N/A       12%         1
 Airstrike                Air            8%         N/A       32%         4
 Call Canine Familiar     Summ           5%         N/A       34%         3
 Confusing Touch          Hex            5%         N/A       34%         3
 Summon Guardian Golem    Hex/Summ       5%         N/A       34%         3
 Vampiric Draining        Necr           5%         2d6       34%         3
 Irradiate                Conj/Tmut      3%         3d14      95%         5
 Blade Hands              Tmut           2%         N/A       97%         5
 Dragon Form              Tmut           2%         N/A       100%        7

Inventory:

Hand Weapons
 c - a +0 short sword {short}
   (You took it off a kobold on level 1 of the Dungeon)
 d - a +4 dagger {short}
   (You found it on level 1 of the Dungeon)
 t - a +1 dagger of venom (weapon) {short}
   (You found it on level 4 of the Dungeon)
Missiles
 j - 114 stones {throwing}
Jewellery
 u - a ring of willpower (left tentacle)
   (You found it on level 4 of the Dungeon)
 v - a ring of ice
   (You found it on level 5 of the Dungeon)
Wands
 i - a wand of polymorph (12)
   (You found it on level 2 of the Dungeon)
 l - a wand of flame (13)
   (You found it on level 3 of the Dungeon)
Scrolls
 b - 2 scrolls of fog {unknown}
 e - a scroll of magic mapping {unknown}
 g - 4 scrolls of blinking {unknown}
 h - 4 scrolls of identify {unknown}
 k - a scroll of vulnerability {unknown}
 n - a scroll of amnesia {unknown}
 o - 2 scrolls of teleportation {unknown}
 p - a scroll of holy word {unknown}
 r - a scroll of summoning {unknown}
 s - a scroll of immolation {unknown}
Potions
 a - 2 potions of magic
 f - 4 potions of curing {unknown}
 m - a potion of invisibility {unknown}
 q - a potion of degeneration {unknown}

Dungeon Overview and Level Annotations

Branches:
Dungeon (6/15)             Temple (0/1) D:5

Altars:
Cheibriados
Ignis

Shops:
D:1

=
########.
#(o).)...
#@# #.#
#.# #.#
#.# #.#
#.# ##.#
#..#


You could see an orc warrior.


Message History

No target in view!
No target in view!
No target in view!
No target in view!
No target in view!
No target in view!
An orc comes into view. It is wielding a +0 short sword.
An orc is nearby!
An orc is nearby!
An orc is nearby!
An orc is nearby!
The zap hits the orc.
The orc shouts!
You hear a shout!
An orc comes into view. It is wielding a +0 club. 😎 MP[-1]
You lost 1 mp, and now have 12/15 mp.
The zap hits the orc.
The zap hits the orc.
You kill the orc!
The zap hits the orc.
An orc warrior comes into view. It is wielding a +0 war axe. 😎 MP[-2]
You lost 2 mp, and now have 10/15 mp.
The zap hits the orc.
You miscast Shock.
You are very lightly contaminated with residual magic.
Nothing appears to happen. 😎 MP[-2]
You lost 2 mp, and now have 8/15 mp.
The zap hits the orc.
You kill the orc!
The zap hits the orc warrior. 😎 MP[-1]
You lost 1 mp, and now have 7/15 mp.
The zap hits the orc warrior but does no damage.
The zap hits the orc warrior.
You closely miss the orc warrior. Your grab misses the orc warrior.
The orc warrior completely misses you.
You hit the orc warrior but do no damage.
You grab the orc warrior.
You squeeze the orc warrior, but do no damage.
You constrict the orc warrior, but do no damage.
The orc warrior hits you with a +0 war axe! 😕 HP[-7] MP[-1]
You take 7 damage, and now have 39/46 hp.
You lost 1 mp, and now have 6/15 mp.
You are too injured to fight recklessly!
You are too injured to fight recklessly!
You are too injured to fight recklessly!
You are too injured to fight recklessly!
You are too injured to fight recklessly!
You are too injured to fight recklessly!
You are too injured to fight recklessly!
You are too injured to fight recklessly!
You are too injured to fight recklessly!
You are too injured to fight recklessly!
You are too injured to fight recklessly!
You are too injured to fight recklessly!
You are too injured to fight recklessly!
You are too injured to fight recklessly!
You are too injured to fight recklessly!
You are too injured to fight recklessly!
You are too injured to fight recklessly!
You are too injured to fight recklessly!
Unknown command.
Casting: Shock (safe; 4% risk of failure)
Confirm with . or Enter, or press ? or * to list all spells.
The orc warrior is struck by an arc of lightning!
You are struck by an arc of lightning.
The lightning grounds out.
You constrict the orc warrior, but do no damage.
The orc warrior hits you with a +0 war axe!
Your magical contamination has completely faded away. 😮 HP[-13] MP[-2]
You take 13 damage, and now have 26/46 hp.
MASSIVE DAMAGE!! (PAUSE)
You lost 2 mp, and now have 4/15 mp.
Casting: Static Discharge (safe; 8% risk of failure)
Confirm with . or Enter, or press ? or * to list all spells.
The orc warrior is struck by an arc of lightning.
You are struck by an arc of lightning.
* * * LOW HITPOINT WARNING * * *
The lightning grounds out.
You constrict the orc warrior, but do no damage.
The orc warrior hits you with a +0 war axe!!
* * * LOW HITPOINT WARNING * * *
😱 HP[-24] MP[-2]
You take 24 damage, and now have 2/46 hp.
MASSIVE DAMAGE!! (PAUSE)
You lost 2 mp, and now have 2/15 mp.
Okay, then.
Okay, then.
Okay, then.
Okay, then.
Okay, then.
Okay, then.
Casting: Static Discharge (safe; 8% risk of failure)
Confirm with . or Enter, or press ? or * to list all spells.
The orc warrior is struck by an arc of lightning.
You are struck by an arc of lightning.
You die...

Skill      XL: |  1  2  3  4  5  6  7  8 |
---------------+-------------------------+-----
Spellcasting   | 3 4 5 |  5.0
Dodging        | 3 5 7 9 |  9.0
Stealth        | |  2.6
Conjurations   | |  1.0
Air Magic      | |  3.0

Action                   |  1- 3 |  4- 6 |  7- 9 || total
-------------------------+-------+-------+-------++-------
Melee: Dagger            |    22 |    12 |    47 ||    81
       Constrict         |     6 |     3 |    12 ||    21
       Tentacles         |     1 |     4 |    10 ||    15
       Punch             |       |       |     1 ||     1
 Cast: Shock             |    63 |    25 |    90 ||   178
       Static Discharge  |       |     4 |     7 ||    11
Invok: Foxfire Swarm     |       |     3 |     3 ||     6
  Use: Scroll            |     1 |       |       ||     1
       Potion            |       |       |     3 ||     3
 Stab: Sleeping          |     1 |     1 |     1 ||     3
Armor: Skin              |     3 |       |     1 ||     4
Dodge: Dodged            |    17 |     6 |    28 ||    51

Levels and vault maps discovered:
D:1:      elethiomel_arrival_quiet, layout_basic, serial_shops, shop,
          basic_ecumenical_altar, minmay_misc_feat_x, minmay_cut_off
D:2:      layout_basic
D:3:      layout_basic, nicolae_overflow_hidden_temple, serial_park_tiny_2,
          uniq_sigmund, uniq_grinder
D:4:      layout_basic
D:5:      layout_gridville, minmay_temple_entry_poolview
D:6:      kennysheep_six_static_rooms, layout_loops_ring,
          minmay_fractal_squares_gapless_5, uniq_crazy_yiuf_cottage,
          uniq_menkaure

Notes
Turn   | Place    | Note
-------+----------+-------------------------------------------
     0 | D:1      | spaghetti the Octopode Air Elementalist began the quest for
                  | the Orb.
     0 | D:1      | Reached XP level 1. HP: 11/11 MP: 3/3
     0 | D:1      | magus.rc [v1.9.6]
   195 | D:1      | Reached XP level 2. HP: 17/17 MP: 1/5
   553 | D:1      | Found a faded altar of an unknown god.
   565 | D:1      | Prayed at the altar of an unknown god.
   565 | D:1      | Became a worshipper of Ignis, the Dying Flame
   607 | D:1      | Found Fegesch's Jewellery Boutique.
   619 | D:1      | Reached skill level 3 in Spellcasting
  1098 | D:2      | Reached XP level 3. HP: 21/21 MP: 2/7
  1600 | D:2      | You pick up a book of Debilitation and begin reading...
  1600 | D:2      | You add the spells Slow, Vampiric Draining and Confusing
                  | Touch to your library.
  2068 | D:3      | Reached XP level 4. HP: 27/27 MP: 5/9
  2211 | D:3      | Identified a +2 robe of the Archmagi
  2211 | D:3      | Noticed Sigmund
  2226 | D:3      | Killed Sigmund
  2227 | D:3      | Reached skill level 3 in Dodging
  2227 | D:3      | Reached skill level 4 in Spellcasting
  2227 | D:3      | Reached XP level 5. HP: 31/31 MP: 9/12
  2335 | D:3      | Found a snail-covered altar of Cheibriados.
  2463 | D:3      | Reached XP level 6. HP: 22/36 MP: 10/13
  2469 | D:3      | Learned a level 2 spell: Static Discharge
  2471 | D:3      | HP: 9/36 [gnoll/+0 whip (2)]
  2478 | D:3      | HP: 5/36 [/static electricity (3)]
  2480 | D:3      | Reached skill level 5 in Spellcasting
  2883 | D:3      | Reached skill level 4 in Dodging
  2977 | D:3      | Noticed Grinder
  2984 | D:3      | Killed Grinder
  2985 | D:3      | Reached skill level 5 in Dodging
  2985 | D:3      | Reached XP level 7. HP: 19/41 MP: 11/14
  3921 | D:4      | You fall into a shaft and drop 1 floor!
  3921 | D:5      | Entered Level 5 of the Dungeon
  4146 | D:4      | Reached skill level 6 in Dodging
  4396 | D:5      | You pick up a book of Callings and begin reading...
  4396 | D:5      | You add the spells Summon Small Mammal, Call Canine
                  | Familiar and Summon Guardian Golem to your library.
  4748 | D:5      | Reached skill level 7 in Dodging
  5090 | D:5      | Reached XP level 8. HP: 46/46 MP: 9/15
  5412 | D:5      | Reached skill level 8 in Dodging
  5637 | D:5      | Found a staircase to the Ecumenical Temple.
  5801 | D:6      | Noticed Menkaure
  5809 | D:6      | Killed Menkaure
  5853 | D:6      | Reached skill level 9 in Dodging
  6037 | D:6      | You pick up a book of Transfigurations {@e2} and begin
                  | reading...
  6037 | D:6      | You add the spells Irradiate, Blade Hands and Dragon Form
                  | to your library.
  6072 | D:6      | HP: 2/46 [orc warrior/+0 war axe (21)]
  6073 | D:6      | Killed from afar by themself

Vanquished Creatures
  Grinder (D:3)
  Sigmund (D:3)
  Menkaure (D:6)
  A water moccasin (D:5)
  An ogre (D:5)
  A phantom (D:5)
  4 scorpions
  A howler monkey (D:4)
  2 hounds
  A jelly (D:4)
  2 iguanas (D:5)
  4 adders
  3 gnolls (D:3)
  2 ufetubi
  A worm (D:5)
  2 dart slugs (D:5)
  7 orcs
  5 ball pythons
  10 endoplasms
  2 giant cockroaches
  2 goblins (D:3)
  5 hobgoblins
  7 jackals
  3 quokkas
  7 bats
  2 frilled lizards (D:1)
  11 kobolds
  2 rats
91 creatures vanquished.

Vanquished Creatures (others)
  57 foxfires
57 creatures vanquished.

Grand Total: 148 creatures vanquished

Table legend:
 A = Non-vault XP
 B = Vault XP
 C = Vault XP percentage of total XP
 D = Non-vault monster count
 E = Vault monster count
 F = Vault count percentage of total count
                 A         B        C        D         E       F
            +---------+---------+-------+---------+---------+-------
      Total |    1196 |     670 |  35.9 |      84 |       7 |   7.7
            +---------+---------+-------+---------+---------+-------
        D:1 |      26 |       6 |  18.8 |      16 |       4 |  20.0
        D:2 |      47 |       0 |   0.0 |      13 |       0 |   0.0
        D:3 |     114 |     495 |  81.3 |      20 |       2 |   9.1
        D:4 |     203 |       0 |   0.0 |      14 |       0 |   0.0
        D:5 |     584 |       0 |   0.0 |      15 |       0 |   0.0
        D:6 |     222 |     169 |  43.2 |       6 |       1 |  14.3
            +---------+---------+-------+---------+---------+-------

Illustrated notes

Table legend:
 A = Kills in this place as a percentage of kills in entire the game.
 B = Kills by you in this place as a percentage of kills by you in the entire game.
 C = Kills by friends in this place as a percentage of kills by friends in the entire game.
 D = Other kills in this place as a percentage of other kills in the entire game.
 E = Experience gained in this place as a percentage of experience gained in the entire game.
 F = Experience gained in this place divided by the number of levels of this place that you have seen.
                   A       B       C       D       E      F
               +-------+-------+-------+-------+-------+----------------------
         Total | 100.0 | 100.0 |   N/A |   N/A | 100.0 | 311.0
       Dungeon | 100.0 | 100.0 |   N/A |   N/A | 100.0 | 311.0
               +-------+-------+-------+-------+-------+----------------------

Table legend: (Time is in decaauts)
 A = Elapsed time spent in this place.
 B = Non-inter-level travel time spent in this place.
 C = Inter-level travel time spent in this place.
 D = Time resting spent in this place.
 E = Time spent auto-exploring this place.
 F = Levels seen in this place.
 G = Mean time per level.
                   A        B        C        D        E       F      G
               +--------+--------+--------+--------+--------+-----+--------+
         Total |   6071 |   5852 |    219 |    843 |   4497 |   6 | 1011.8 |
       Dungeon |   6071 |   5852 |    219 |    843 |   4497 |   6 | 1011.8 |
               +--------+--------+--------+--------+--------+-----+--------+

Top non-repeatable levels by time:
     D:3: 1588 daAuts
     D:5: 1436 daAuts
     D:1: 1068 daAuts
     D:2: 925 daAuts
     D:4: 702 daAuts
     D:6: 349 daAuts
